 Dungeon Crawl Stone Soup version 0.24.0-13-gcf9b319 (webtiles) character file.

Game seed: 11668573194942275911, levelgen mode: deterministic

1443 Balder the Bolt Thrower (level 8, -33/70 HPs)
             Began as a Minotaur Hunter on May 3, 2020.
             Was a Follower of Okawaru.
             Hit by a large rock thrown by a cyclops (34 damage)
             ... on level 6 of the Dungeon.
             The game lasted 00:19:34 (4397 turns).

Balder the Bolt Thrower (Minotaur Hunter)           Turns: 4397, Time: 00:19:35

Health: -33/70     AC:  8    Str: 17    XL:     8   Next: 46%
Magic:  8/8        EV: 11    Int:  8    God:    Okawaru [*.....]
Gold:   329        SH:  0    Dex: 13    Spells: 7/7 levels left

rFire    . . .     SeeInvis .   b - +1 hand crossbow
rCold    . . .     Gourm    .   (no shield)
rNeg     . . .     Faith    .   t - +0 scale mail
rPois    .         Spirit   .   (helmet restricted)
rElec    .         Reflect  .   (no cloak)
rCorr    .         Harm     .   h - +0 pair of gloves (curse)
MR       .....                  (no boots)
Stlth    ..........             (no amulet)
HPRegen  0.21/turn              (no ring)
MPRegen  0.11/turn              (no ring)

@: no status effects
A: retaliatory headbutt, horns 2
a: Heroism, Renounce Religion


You were on level 6 of the Dungeon.
You worshipped Okawaru.
Okawaru was aware of your devotion.
You were hungry.

You visited 2 branches of the dungeon, and saw 7 of its levels.

You collected 329 gold pieces.

Inventory:

Hand Weapons
 a - a +0 long sword
 b - a +1 hand crossbow (weapon)
 g - a +1 dagger of venom
 o - a +2 flail of crushing
 r - a +0 short sword
Missiles
 d - 57 bolts (quivered)
Armour
 h - a cursed +0 pair of gloves (worn)
 t - a +0 scale mail (worn)
Wands
 m - a wand of disintegration (14)
 s - a wand of clouds (6)
Scrolls
 e - 3 scrolls of identify {unknown}
 i - 3 scrolls of enchant weapon {unknown}
 k - a scroll of remove curse
 n - a scroll of random uselessness {unknown}
 u - a scroll of teleportation {unknown}
Potions
 j - a potion of curing
 l - a potion of mutation {unknown}
 q - a potion of brilliance {unknown}
 v - a potion of cancellation {unknown}
 w - a potion of invisibility {unknown}
Comestibles
 f - 13 rations


   Skills:
 * Level 5.7 Fighting
 * Level 4.1(4.5) Short Blades
 * Level 2.9(4.1) Long Blades
 * Level 6.7 Crossbows
 * Level 5.5 Armour
 * Level 4.0 Dodging
 + Level 1.2 Stealth
 * Level 1.9 Invocations
 * Level 1.6 Evocations


You had 7 spell levels left.
You didn't know any spells.
Your spell library contained the following spells:

 Spells                   Type           Power        Failure   Level  Hunger
 Beastly Appendage        Tmut           #.....       80%         1    ##.....
 Corona                   Hex            #......      80%         1    ##.....
 Slow                     Hex            #.......     90%         2    ###....
 Sticks to Snakes         Tmut           #.......     90%         2    ###....
 Inner Flame              Hex/Fire       #.......     99%         3    ####...
 Portal Projectile        Hex/Tloc       #.....       99%         3    ####...
 Spider Form              Tmut/Pois      #.........   99%         3    ####...
 Cause Fear               Hex            #.........   100%        4    #####..
 Ice Form                 Ice/Tmut       #.......     100%        4    #####..
 Leda's Liquefaction      Hex/Erth       #.........   100%        4    #####..
 Blade Hands              Tmut           #.........   100%        5    ######.


Dungeon Overview and Level Annotations

Branches:
Dungeon (6/15)             Temple (1/1) D:5

Altars:
Dithmenos
Elyvilon
Kikubaaqudgha
Nemelex Xobeh
Okawaru
Ru
Sif Muna
Trog
Uskayaw


Innate Abilities, Weirdness & Mutations

You reflexively headbutt those who attack you in melee.
You have a pair of horns on your head.


Message History

Ouch! That really hurt!
* * * LOW HITPOINT WARNING * * *
Firing (i - inventory)
d - 58 bolts (quivered)
Press: ? - help, Shift-Dir - straight line, f/p - cyclops
Aim: a cyclops (heavily wounded)
You shoot a bolt.
The bolt hits the cyclops but does no damage.
The cyclops is heavily wounded.
Drop what? 21/52 slots (_ for help) (? for menu, Esc to quit)
Okay, then.
Evoke which item? (* to show all) (? for menu, Esc to quit)
Okay, then.
Unknown command.
Evoke which item? (* to show all) (? for menu, Esc to quit)
Aiming: Disintegrate
Press: ? - help, Shift-Dir - straight line, f/p - cyclops
Aim: a cyclops (heavily wounded, chance to defeat MR: 55%)
The cyclops is blasted!
The cyclops throws a large rock.
The large rock hits you!!
You die...

...#....................
.......)................
.......#######'##########
..###..#.........#.......
#.####.#.........#.......
...##..#.........#.....(.
._.....#........(#..C(...
...#...#......=.('.......
.# ##..##...#..#@##>##...
.###...#########.# #
...#...# #.........
.......# #.........
.#.....# #.........
##.....# ##########
#######


You could see a cyclops.

Vanquished Creatures
  Grinder (D:6)
  Edmund (D:5)
  An ogre (D:6)
  3 phantoms
  A centaur (D:5)
  A bullfrog (D:6)
  3 vampire bats (D:5)
  2 crimson imps (D:5)
  A bullfrog zombie (D:5)
  3 hounds
  2 orc priests
  A jelly (D:6)
  A bullfrog skeleton (D:4)
  An orc wizard (D:5)
  Jessica (D:3)
  A worker ant (D:5)
  A killer bee zombie (D:5)
  2 hound skeletons (D:5)
  An adder (D:2)
  An adder skeleton (D:4)
  A worm (D:2)
  3 dart slugs (D:1)
  3 leopard geckos
  7 orcs
  3 bats
  3 bat skeletons (D:5)
  3 bat zombies (D:5)
  4 giant cockroaches
  5 goblins
  9 hobgoblins
  6 jackals
  A quokka (D:2)
  2 ball pythons (D:2)
  4 frilled lizards
  A jackal zombie (D:5)
  3 kobolds
  A leopard gecko skeleton (D:5)
  A quokka skeleton (D:5)
  7 rats
96 creatures vanquished.

Notes
Turn   | Place    | Note
-------+----------+-------------------------------------------
     0 | D:1      | Balder the Minotaur Hunter began the quest for the Orb.
     0 | D:1      | Reached XP level 1. HP: 18/18 MP: 0/0
   182 | D:1      | Reached XP level 2. HP: 25/25 MP: 1/1
   422 | D:1      | Reached skill level 1 in Short Blades
   708 | D:2      | Found a sacrificial altar of Ru.
   827 | D:2      | Reached XP level 3. HP: 31/31 MP: 2/2
   878 | D:2      | Found a sparkling altar of Nemelex Xobeh.
  1250 | D:2      | Reached skill level 5 in Crossbows
  1767 | D:3      | Noticed Jessica
  1771 | D:3      | Killed Jessica
  1771 | D:3      | Reached skill level 1 in Armour
  1771 | D:3      | Reached XP level 4. HP: 38/38 MP: 3/3
  1992 | D:3      | Reached skill level 1 in Stealth
  2355 | D:4      | Noticed a phantom
  2362 | D:4      | Killed a phantom
  2362 | D:4      | Reached XP level 5. HP: 46/46 MP: 4/4
  2496 | D:4      | Found a bloodstained altar of Trog.
  2564 | D:4      | Reached XP level 6. HP: 47/52 MP: 5/5
  2927 | D:5      | Entered Level 5 of the Dungeon
  2984 | D:5      | Reached skill level 1 in Long Blades
  3051 | D:5      | Found a staircase to the Ecumenical Temple.
  3066 | Temple   | Entered the Ecumenical Temple
  3121 | Temple   | Became a worshipper of Warmaster Okawaru
  3174 | D:5      | Reached skill level 6 in Crossbows
  3189 | D:5      | Reached XP level 7. HP: 56/60 MP: 6/6
  3741 | D:5      | Reached skill level 1 in Invocations
  3756 | D:5      | Found a hide-covered altar of Uskayaw.
  3758 | D:5      | Noticed Edmund
  3791 | D:5      | Killed Edmund
  3791 | D:5      | Reached * piety under Okawaru
  3791 | D:5      | Reached skill level 5 in Fighting
  3791 | D:5      | Reached skill level 1 in Evocations
  3944 | D:5      | Found an ancient bone altar of Kikubaaqudgha.
  3959 | D:5      | Reached XP level 8. HP: 60/68 MP: 7/7
  4063 | D:6      | Found a bloodstained altar of Trog.
  4093 | D:6      | Reached skill level 5 in Armour
  4094 | D:6      | Noticed Grinder
  4105 | D:6      | Killed Grinder
  4385 | D:6      | Noticed a cyclops
  4395 | D:6      | HP: 1/70 [cyclops/large rock (39)]
  4397 | D:6      | Hit by a large rock thrown by a cyclops

Levels and vault maps discovered:
D:1:      dpeg_arrival_simpleton_b, layout_basic
D:2:      layout_loops_cross, overflow_temple_1_default,
          nicolae_overflow_crystal_walls
D:3:      layout_loops_cross, kennysheep_small_spiral, nrook_mini_vaults,
          kennysheep_generic_room_14, uniq_jessica
D:4:      layout_basic, bloody_trog, first_ration
D:5:      layout_cave_pools, lemuel_doored_altar, kennysheep_vampire_church,
          minmay_temple_entry_ruins, uniq_edmund
D:6:      layout_gridville, lemuel_coloured_pillars_altar, kennysheep_mini_moat,
          trog_three_pillars_becter, uniq_sigmund, uniq_prince_ribbit1,
          uniq_grinder
Temple:   nicolae_temple_figure_zero

Skill      XL: |  1  2  3  4  5  6  7  8 |
---------------+-------------------------+-----
Short Blades   | 1 2 3 4 |  4.1
Fighting       | 3 4 5 |  5.7
Crossbows      | 5 6 |  6.7
Armour         | 1 2 3 4 5 |  5.5
Stealth        | 1 |  1.2
Dodging        | 3 4 |  4.0
Long Blades    | 1 2 |  2.9
Invocations    | 1 |  1.9
Evocations     | 1 |  1.6

Action                   |  1- 3 |  4- 6 |  7- 9 || total
-------------------------+-------+-------+-------++-------
Melee: Short sword       |    62 |    69 |    63 ||   194
       Headbutt          |     6 |    17 |    14 ||    37
       Hand crossbow     |       |     3 |       ||     3
       Long sword        |       |       |    18 ||    18
 Fire: Hand crossbow     |    12 |    36 |    30 ||    78
Evoke: Wand              |       |       |     1 ||     1
  Use: Scroll            |       |       |     2 ||     2
       Potion            |       |       |     1 ||     1
 Stab: Sleeping          |     1 |       |       ||     1
  Eat: Chunk             |     3 |     1 |     3 ||     7
       Ration            |       |     1 |       ||     1
Armor: Leather armour    |    14 |     6 |       ||    20
       Scale mail        |       |    21 |    40 ||    61
Dodge: Dodged            |    25 |    63 |    71 ||   159
       Rpst.: Long sword |       |       |     2 ||     2
